 Dungeon Crawl Stone Soup version 0.30-a0-779-g7971cf19c3 (webtiles) character file.

Game seed: 15831712860431907302

9534 Dittersdorf the Fighter (level 11, -2/73 HPs)
             Began as a Gargoyle Fighter on Feb 17, 2023.
             Was a High Priest of Okawaru.
             Slain by a komodo dragon (12 damage)
             ... on level 1 of the Lair of Beasts.
             The game lasted 00:17:13 (11761 turns).

Dittersdorf the Fighter (Gargoyle Fighter)         Turns: 11761, Time: 00:17:13

Health: -2/73      AC: 28    Str: 30    XL:     11   Next: 48%
Magic:  11/11      EV: 10    Int:  9    God:    Okawaru [*****.]
Gold:   849        SH:  6    Dex:  9    Spells: 10/10 levels left

rFire   . . .      SeeInvis .    a - +1 flail
rCold   . . .      Faith    .    c - +0 buckler
rNeg    + . .      Spirit   .    u - +0 scale mail {Will+}
rPois   ∞          Reflect  .    o - +0 helmet
rElec   +          Harm     .    A - +0 cloak {Will+}
rCorr   .          Rampage  .    i - +2 pair of gloves
Will    ++...                    y - +0 pair of boots Stlth
                                 w - amulet of regeneration
HPRegen 1.12/turn                h - +6 ring of strength
MPRegen 0.12/turn                D - +4 ring of protection

@: no status effects
A: sickness immunity, AC +8, negative energy resistance 1, electricity
resistance, torment resistance 1, petrification resistance
a: Renounce Religion, Heroism, Finesse, Duel


You were on level 1 of the Lair of Beasts.
You worshipped Okawaru.
Okawaru was extremely pleased with you.
You visited 3 branches of the dungeon, and saw 12 of its levels.
You also visited: Sewer.

You collected 849 gold pieces.

Inventory:

Hand Weapons
 a - a +1 flail (weapon)
Missiles
 z - a curare-tipped dart (quivered)
Armour
 c - a +0 buckler (worn)
 i - a +2 pair of gloves (worn)
 o - a +0 helmet (worn)
 u - a +0 scale mail of willpower (worn)
 y - a +0 pair of boots (worn)
 A - a +0 cloak of willpower (worn)
Jewellery
 d - a ring of flight
 h - a +6 ring of strength (left hand)
 w - an amulet of regeneration (around neck)
 D - a +4 ring of protection (right hand)
Wands
 q - a wand of digging (1)
 C - a wand of iceblast (7)
Scrolls
 e - 4 scrolls of poison
 g - 8 scrolls of teleportation
 n - 4 scrolls of blinking
 r - 4 scrolls of fear
 t - a scroll of enchant weapon
 v - a scroll of fog
Potions
 b - 2 potions of might
 f - 3 potions of resistance {unknown}
 j - 3 potions of heal wounds {unknown}
 k - a potion of invisibility {unknown}
 l - 6 potions of flight
 m - 3 potions of brilliance {unknown}
 p - 6 potions of curing
 s - a potion of berserk rage
 x - a potion of mutation


   Skills:
 + Level 10.3 Fighting
 + Level 9.1 Maces & Flails
 + Level 10.3 Armour
 + Level 10.3 Shields


You had 10 spell levels left.
You didn't know any spells.
Your spell library contained the following spells:

 Spells                   Type           Power      Damage    Failure   Level
 Frozen Ramparts          Ice            0%         1d1       95%         3
 Portal Projectile        Hex/Tloc       0%         N/A       95%         3
 Ice Form                 Ice/Tmut       0%         N/A       100%        4
 Leda's Liquefaction      Hex/Erth       0%         N/A       100%        4
 Call Canine Familiar     Summ           Unusable   N/A       N/A         3
 Summon Ice Beast         Ice/Summ       Unusable   N/A       N/A         4

Dungeon Overview and Level Annotations

Branches:
Dungeon (10/15)            Temple (1/1) D:4            Lair (1/5) D:8
  Sewer (visited)
    Orc: D:9-12

Altars:
Cheibriados
Dithmenos
Elyvilon
Fedhas
Gozag
Hepliaklqana
Kikubaaqudgha
Nemelex Xobeh
Okawaru
Qazlal
Ru
Sif Muna
Trog
Uskayaw
Wu Jian
Xom
Yredelemnul
The Shining One

Shops:
D:2 (

Annotations:
D:10 6 transporters


Innate Abilities, Weirdness & Mutations

You are immune to sickness and miasma.
Your stone body is resilient. (AC +8)
You are immune to poison.
You resist negative energy. (rN+)
You are resistant to electric shocks. (rElec)
You are resistant to unholy torment.
You are immune to petrification.


Message History

You sock the komodo dragon!
The komodo dragon is moderately wounded.
You block the komodo dragon's attack.
You barely miss the komodo dragon.
The komodo dragon is moderately wounded.
The komodo dragon bites you!!
You hit the komodo dragon but do no damage.
The komodo dragon is moderately wounded.
The komodo dragon closely misses you.
You sock the komodo dragon!
The komodo dragon is severely wounded.
The komodo dragon barely misses you.
You completely miss the komodo dragon.
The komodo dragon is severely wounded.
The komodo dragon bites you!
You closely miss the komodo dragon.
The komodo dragon is severely wounded.
The komodo dragon bites you!!
* * * LOW HITPOINT WARNING * * *
You are too injured to fight recklessly!
You are too injured to fight recklessly!
You are too injured to fight recklessly!
You are too injured to fight recklessly!
You are too injured to fight recklessly!
A komodo dragon is nearby!
You barely miss the komodo dragon.
The komodo dragon is severely wounded.
The komodo dragon completely misses you.
You barely miss the komodo dragon.
The komodo dragon is severely wounded.
The komodo dragon bites you.
* * * LOW HITPOINT WARNING * * *
You hit the komodo dragon but do no damage.
The komodo dragon is severely wounded.
The komodo dragon bites you!
* * * LOW HITPOINT WARNING * * *
You hit the komodo dragon but do no damage.
The komodo dragon is severely wounded.
The komodo dragon bites you!
You die...

.... ...# ##..#
..# ...# ..# P..#
..### P. #..#
..... ..P #..# .##
.... ..# .# ....#
#l# .# ......#@#
.## ......#.# ..#
#......# .##
#....#.## .#
##.#....+..# .##
#..##..##.## ..#
##........#
.#######P........#
.................#


You could see a komodo dragon.

Vanquished Creatures
  Pikel (D:3)
  A cyclops (D:8)
  A black mamba (Lair:1)
  The ghost of FacelessVoid the Skirmisher, a novice MiHu (D:6)
  A cane toad (D:8)
  Maggie (D:6)
  A kobold demonologist (D:10)
  A troll (D:9)
  A polar bear (Lair:1)
  Sigmund (D:2)
  A wraith (D:10)
  A wyvern (D:10)
  13 yaks
  2 water moccasins
  Duvessa (D:7)
  2 black bears
  3 orc warriors
  An ice beast (D:7)
  An ogre (D:7)
  A centaur (D:7)
  A phantom (D:4)
  6 kobold brigands
  9 bullfrogs
  A gnoll sergeant (D:9)
  A necrophage (D:5)
  12 wights
  Dowan (D:7)
  8 killer bees
  6 howler monkeys
  2 electric eels (D:9)
  5 orc priests
  2 jellies (D:4)
  6 hounds
  Crazy Yiuf (D:2)
  Jessica (D:3)
  3 iguanas
  9 orc wizards
  A mummy (D:6)
  8 gnolls
  7 adders
  2 shadow imps
  A white imp (D:7)
  An ufetubus (D:4)
  4 worms
  3 dart slugs
  35 orcs
  5 bats
  15 endoplasms
  12 giant cockroaches
  9 goblins
  4 hobgoblins
  6 jackals
  11 quokkas
  19 ball pythons
  13 frilled lizards
  2 hobgoblin zombies (D:6)
  25 kobolds
  2 kobold zombies (D:6)
  7 rats
302 creatures vanquished.

Vanquished Creatures (others)
  A kobold (D:9)
  A fungus (Lair:1)
  2 plants (D:4)
4 creatures vanquished.

Grand Total: 306 creatures vanquished

Notes
Turn   | Place    | Note
-------+----------+-------------------------------------------
     0 | D:1      | Dittersdorf the Gargoyle Fighter began the quest for the
                  | Orb.
     0 | D:1      | Reached XP level 1. HP: 14/14 MP: 1/1
   137 | D:1      | Reached XP level 2. HP: 19/19 MP: 2/2
   460 | D:1      | Found a faded altar of an unknown god.
   480 | D:1      | Reached XP level 3. HP: 23/23 MP: 3/3
  1419 | D:2      | Found a runed translucent door.
  1420 | D:2      | Noticed Crazy Yiuf
  1547 | D:2      | Reached XP level 4. HP: 29/29 MP: 4/4
  1605 | D:2      | Noticed Sigmund
  1613 | D:2      | Killed Sigmund
  1614 | D:2      | Reached XP level 5. HP: 27/34 MP: 5/5
  1614 | D:2      | Reached XP level 6. HP: 31/39 MP: 6/6
  1671 | D:2      | Found Yschaph's Weapon Shop.
  1795 | D:2      | You fall into a shaft and drop 2 floors!
  1802 | D:4      | Found a staircase to the Ecumenical Temple.
  1818 | Temple   | Entered the Ecumenical Temple
  1940 | Temple   | Became a worshipper of Warmaster Okawaru
  2573 | D:3      | Noticed Jessica
  2583 | D:3      | Killed Jessica
  3017 | D:4      | Noticed a black bear
  3130 | D:4      | Killed a black bear
  3130 | D:4      | Reached * piety under Okawaru
  3131 | D:4      | Reached skill level 5 in Fighting
  3131 | D:4      | Reached skill level 5 in Armour
  3131 | D:4      | Reached skill level 5 in Shields
  3131 | D:4      | Reached XP level 7. HP: 9/44 MP: 7/7
  3591 | D:4      | Noticed Pikel
  3634 | D:3      | Killed Pikel
  3634 | D:3      | Reached ** piety under Okawaru
  3635 | D:3      | Reached skill level 5 in Maces & Flails
  3635 | D:3      | Reached XP level 8. HP: 24/51 MP: 8/8
  5372 | D:5      | Entered Level 5 of the Dungeon
  5566 | D:5      | Found a snail-covered altar of Cheibriados.
  5834 | D:5      | Reached XP level 9. HP: 56/56 MP: 9/9
  5886 | D:5      | Found a stormy altar of Qazlal.
  5942 | D:5      | Found a glowing drain.
  5956 | Sewer    | Entered a sewer
  6199 | Sewer    | Reached *** piety under Okawaru
  7032 | D:6      | Found a runed translucent gate.
  7032 | D:6      | Found a runed translucent gate.
  7032 | D:6      | Found a runed translucent gate.
  7034 | D:6      | Noticed FacelessVoid's ghost (novice MiHu)
  7071 | D:7      | Noticed Maggie
  7096 | D:6      | Killed Maggie
  7164 | D:7      | Reached **** piety under Okawaru
  7312 | D:7      | Noticed Dowan
  7313 | D:7      | Noticed Duvessa
  7327 | D:7      | Killed Duvessa
  7333 | D:7      | Killed Dowan
  7629 | D:8      | Found a sparkling altar of Nemelex Xobeh.
  7642 | D:8      | Reached XP level 10. HP: 64/64 MP: 10/10
  7651 | D:8      | Noticed a cyclops
  7659 | D:8      | Killed a cyclops
  7659 | D:8      | Reached ***** piety under Okawaru
  7877 | D:8      | Found a sacrificial altar of Ru.
  7877 | D:8      | Found an ancient bone altar of Kikubaaqudgha.
  7883 | D:8      | Found a white marble altar of Elyvilon.
  7967 | D:8      | Received a gift from Okawaru
  8035 | D:8      | Identified the +8 short sword "Jamn" {freeze, Will+}
  8093 | D:8      | Found a hazy altar of Hepliaklqana.
  8175 | D:8      | Found a staircase to the Lair.
  9386 | D:10     | Entered Level 10 of the Dungeon
  9506 | D:10     | Reached XP level 11. HP: 71/71 MP: 11/11
  9537 | D:10     | Found a transporter.
  9539 | D:10     | Found a transporter.
  9658 | D:10     | Found a transporter.
  9669 | D:10     | Found a transporter.
  9767 | D:10     | Found a transporter.
  9768 | D:10     | Found a transporter.
  9806 | D:10     | Noticed a soul eater
  9808 | D:10     | Noticed a sixfirhy
 10155 | D:10     | Found a shadowy altar of Dithmenos.
 10831 | D:2      | Killed Crazy Yiuf
 11020 | D:6      | Killed FacelessVoid's ghost
 11021 | D:6      | Reached skill level 10 in Fighting
 11021 | D:6      | Reached skill level 10 in Armour
 11087 | Lair:1   | Entered Level 1 of the Lair of Beasts
 11101 | D:8      | Reached skill level 10 in Shields
 11761 | Lair:1   | Slain by a komodo dragon

Illustrated notes

Levels and vault maps discovered:
D:1:      dpeg_arrival_pits, layout_loops_corners,
          shapermc_ecumenical_altar_mp_vishouse, hangedman_decor_push
D:2:      minmay_angry_zag, layout_basic, serial_shops,
          nicolae_shop_statue_plus, minmay_pentomino_r2, uniq_sigmund,
          uniq_crazy_yiuf_cottage
D:3:      layout_loops_corners, uniq_jessica
D:4:      layout_cave_pools, minmay_temple_entry_gardened_gates, uniq_pikel
D:5:      layout_basic, nicolae_qazlal_style_of_elements,
          mainiacjoe_overflow_tiny_flanked, cheibrodos_sewer_entry_drain,
          hangedman_decor_peaks_small
D:6:      layout_cave_pools, ebering_ghost_rock_garden, serial_column_ruins,
          column_ruins_open_small_water, column_ruins_columns_straight,
          column_ruins_open_large, column_ruins_corridor_plus,
          column_ruins_open_small_water, column_ruins_columns_straight,
          minmay_liquid_box, minmay_mini_ossuary
D:7:      layout_rooms, uniq_duvessa, uniq_maggie
D:8:      layout_cave_pools, nicolae_hepliaklqana_hippocampus,
          grunt_temple_overflow_open, amcnicky_altar_gilded, lair_entry_dummy
D:9:      layout_basic, minivault_25_ag
D:10:     layout_roguey, kennysheep_little_box, serial_nicolae_subway,
          nicolae_sub_station_stone, nicolae_sub_station_crystal,
          nicolae_sub_station_metal
Temple:   eino_narrow_crystal_temple
Lair:1:   layout_chaotic_city, lemuel_old_faithful, serial_bayou_shore_a

Skill      XL: |  1  2  3  4  5  6  7  8  9 10 11 |
---------------+----------------------------------+-----
Fighting       | 4 5 6 8 9 10 | 10.3
Maces & Flails | 3 4 5 7 8 9 |  9.1
Armour         | 4 5 6 8 9 10 | 10.3
Shields        | 4 5 6 8 9 10 | 10.3

Action                     |  1- 3 |  4- 6 |  7- 9 | 10-12 || total
---------------------------+-------+-------+-------+-------++-------
  Melee: Flail             |   144 |   160 |   594 |   558 ||  1456
 Invoke: Heroism           |       |       |       |     2 ||     2
    Use: Potion            |       |     1 |     1 |       ||     2
         Scroll            |       |       |    13 |     4 ||    17
 Armour: Scale mail        |    95 |   123 |   440 |   404 ||  1062
         Skin              |       |       |       |     1 ||     1
  Dodge: Dodged            |    66 |    80 |   332 |   315 ||   793
  Block: Buckler           |    43 |    35 |   177 |   186 ||   441

Table legend: (Time is in decaauts)
 A = Elapsed time spent in this place.
 B = Non-inter-level travel time spent in this place.
 C = Inter-level travel time spent in this place.
 D = Time resting spent in this place.
 E = Time spent auto-exploring this place.
 F = Levels seen in this place.
 G = Mean time per level.
                   A        B        C        D        E       F      G
               +--------+--------+--------+--------+--------+-----+--------+
         Total |  11965 |  11065 |    900 |   1118 |   6770 |  13 |  920.4 |
       Dungeon |  10894 |  10009 |    885 |    818 |   6375 |  10 | 1089.4 |
        Temple |    138 |    123 |     15 |    100 |     15 |   1 |  138.0 |
          Lair |    623 |    623 |      0 |    200 |    278 |   1 |  623.0 |
         Sewer |    307 |    307 |      0 |      0 |    102 |   1 |  307.0 |
               +--------+--------+--------+--------+--------+-----+--------+

Top non-repeatable levels by time:
     D:3: 2493 daAuts
     D:2: 1273 daAuts
     D:9: 1170 daAuts
     D:4: 1087 daAuts
     D:1: 1076 daAuts
     D:5: 996 daAuts
    D:10: 905 daAuts
     D:8: 719 daAuts
     D:6: 658 daAuts
  Lair:1: 623 daAuts
     D:7: 513 daAuts
   Sewer: 307 daAuts
  Temple: 138 daAuts
